 Dungeon Crawl Stone Soup version 0.27-a0-1200-g94dc6ad4cf (webtiles) character file.

Game seed: 9019388102966807132

152362 polve the Peltast (level 17, -23/128 HPs)
             Began as a Demonspawn Abyssal Knight on May 30, 2021.
             Was the Champion of Lugonu.
             Killed from afar by Nikola (54 damage)
             ... with a chain lightning
             ... on level 3 of the Swamp.
             The game lasted 01:07:56 (33553 turns).

polve the Peltast (Demonspawn Abyssal Knight)      Turns: 33553, Time: 01:07:56

Health: -23/128    AC: 26    Str: 18    XL:     17   Next: 2%
Magic:  21/24      EV: 14    Int: 16    God:    Lugonu [******]
Gold:   1076       SH: 13    Dex: 12    Spells: 7/24 levels left

rFire    + . .     SeeInvis .   a - +9 quick blade (distort)
rCold    + + +     Faith    .   g - +0 kite shield
rNeg     . . .     Spirit   .   d - +6 ice dragon scales
rPois    +         Reflect  .   l - +0 helmet
rElec    .         Harm     .   q - +1 cloak
rCorr    .         Rampage  .   N - +2 pair of gloves {Stlth+}
Will     +....                  (boots unavailable)
Stlth    +++++.....             w - amulet of regeneration
HPRegen  2.31/turn              b - ring of poison resistance
MPRegen  0.19/turn              x - ring of Tirhum {rF++ rC+}

@: no status effects
A: hooves 3, powered by death 3, sturdy frame 2, demonic magic 2, sense
surroundings 1
a: Renounce Religion, Depart the Abyss, Bend Space, Banish, Corrupt, Enter the
Abyss


You were on level 3 of the Swamp.
You worshipped Lugonu.
Lugonu was exalted by your worship.
You visited 5 branches of the dungeon, and saw 27 of its levels.
You visited the Abyss 3 times.
You also visited: Ossuary, Ice Cave and Volcano.

You collected 3183 gold pieces.
You spent 2107 gold pieces at shops.

Inventory:

Hand Weapons
 a - a +9 quick blade of distortion (weapon)
Missiles
 o - 8 curare-tipped darts
Armour
 d - +6 ice dragon scales (worn)
 g - a +0 kite shield (worn)
 l - a +0 helmet (worn)
 q - a +1 cloak (worn)
 r - a +2 pair of boots of flying
 N - a +2 pair of gloves of stealth (worn)
Jewellery
 b - a ring of poison resistance (left hand)
 p - a +6 ring of strength
 w - an amulet of regeneration (around neck)
 x - the ring of Tirhum (right hand) {rF++ rC+}
   (You found it on level 5 of the Dungeon)

   [ring of protection from cold]

   It greatly protects you from fire.
   It protects you from cold.
Wands
 e - a wand of digging (24)
 h - a wand of paralysis (18)
 y - a wand of iceblast (30)
 F - a wand of charming (7)
 G - a wand of polymorph (6)
 L - a wand of flame (50)
Scrolls
 c - 2 scrolls of magic mapping
 f - 18 scrolls of teleportation
 i - 3 scrolls of fog
 j - 9 scrolls of immolation
 m - 2 scrolls of brand weapon
 t - a scroll of blinking
 z - 2 scrolls of torment
 D - 3 scrolls of amnesia
 E - 9 scrolls of identify
 I - a scroll of enchant weapon
 K - a scroll of fear
Potions
 k - 2 potions of lignification
 n - a potion of haste
 s - 5 potions of curing
 u - 7 potions of brilliance
 v - 2 potions of invisibility
 A - 3 potions of flight
 B - 3 potions of cancellation
 C - a potion of resistance
 H - 5 potions of berserk rage
 M - 2 potions of magic


   Skills:
 - Level 10.0 Fighting
 - Level 8.0 Short Blades
 - Level 10.0 Armour
 - Level 8.0 Dodging
 - Level 10.0 Stealth
 - Level 15.0 Shields
 - Level 4.0 Spellcasting
 - Level 15.0 Necromancy
 + Level 2.9 Transmutations
 - Level 10.0 Invocations


You had 7 spell levels left.
You knew the following spells:

 Your Spells              Type           Power      Damage    Failure   Level
a - Animate Skeleton      Necr           100%       N/A       1%          1
b - Pain                  Necr           100%       1d9       1%          1
c - Sublimation of Blood  Necr           25%        N/A       1%          2
d - Vampiric Draining     Necr           25%        2d9       1%          3
e - Animate Dead          Necr           25%        N/A       1%          4
f - Dispel Undead         Necr           50%        3d19      1%          4
g - Wereblood             Tmut           12%        N/A       12%         2

Your spell library contained the following spells:

 Spells                   Type           Power      Damage    Failure   Level
 Corpse Rot               Necr/Air       N/A        N/A       1%          2
 Agony                    Necr           50%        N/A       1%          5
 Excruciating Wounds      Necr           25%        N/A       1%          5
 Beastly Appendage        Tmut           24%        N/A       8%          1
 Corona                   Hex            3%         N/A       26%         1
 Freeze                   Ice            12%        1d4       26%         1
 Shock                    Conj/Air       12%        1d3       26%         1
 Poisonous Vapours        Pois/Air       6%         N/A       36%         2
 Slow                     Hex            3%         N/A       36%         2
 Static Discharge         Conj/Air       3%         N/A       36%         2
 Spider Form              Tmut/Pois      3%         N/A       41%         3
 Confusing Touch          Hex            3%         N/A       61%         3
 Conjure Flame            Conj/Fire      3%         6-21      61%         3
 Frozen Ramparts          Ice            6%         1d2       61%         3
 Gell's Gravitas          Tloc           1%         N/A       61%         3
 Inner Flame              Hex/Fire       3%         N/A       61%         3
 Mephitic Cloud           Conj/Pois/Air  3%         N/A       61%         3
 Ozocubu's Armour         Ice            3%         N/A       61%         3
 Portal Projectile        Hex/Tloc       6%         N/A       61%         3
 Swiftness                Air            3%         N/A       61%         3
 Ice Form                 Ice/Tmut       7%         N/A       82%         4
 Petrify                  Tmut/Erth      7%         N/A       82%         4
 Hydra Form               Tmut           6%         N/A       91%         5
 Airstrike                Air            1%         N/A       95%         4
 Cause Fear               Hex            1%         N/A       95%         4
 Hailstorm                Conj/Ice       3%         3d3       95%         4
 Leda's Liquefaction      Hex/Erth       1%         N/A       95%         4
 Summon Ice Beast         Ice/Summ       3%         N/A       95%         4
 Irradiate                Conj/Tmut      3%         3d14      99%         5
 Yara's Violent Unravell  Hex/Tmut       3%         3d4       99%         5
 Lightning Bolt           Conj/Air       1%         1d12      100%        5
 Metabolic Englaciation   Hex/Ice        1%         N/A       100%        5
 Blade Hands              Tmut           6%         N/A       100%        6
 Freezing Cloud           Conj/Ice/Air   1%         6-21      100%        6
 Statue Form              Tmut/Erth      4%         N/A       100%        6
 Dragon Form              Tmut           6%         N/A       100%        7


Dungeon Overview and Level Annotations

Branches:
Dungeon (15/15)            Temple (0/1) D:5            Lair (6/6) D:9
  Swamp (3/4) Lair:3        Snake (0/4) Lair:2        Slime (0/5) Lair:6
    Orc (2/2) D:12            Elf (0/3) Orc:2        Vaults (0/5) D:13
 Depths (1/5) D:15        Ossuary (visited)           IceCv (visited)
Volcano (visited)

Altars:
Fedhas
Hepliaklqana
Kikubaaqudgha
Makhleb
Nemelex Xobeh
Sif Muna
Trog
Uskayaw
Xom
Beogh
Jiyva

Shops:
D:10 (*!:   D:11 [   D:12 [=   D:13 :?**[   Orc:2 [(*[

Annotations:
Swamp:3 Nikola
Abyss:1 Saint Roka


Innate Abilities, Weirdness & Mutations

You have hooves in place of feet.
You regenerate a lot of health from kills.
Your movements are less encumbered by armour. (ER -4)
Spells you cast may paralyse nearby enemies.
You passively map a small area around you.


Message History

Nikola is nearby!
Your primal bloodlust has ended.
Nikola shouts!
Nikola points at you and mumbles some strange words.
The bolt of lightning hits you!!!
The mangrove smoulders and burns.
Nikola yells, "Danger!
Danger!
High voltage!"
Nikola gestures wildly while chanting.
Nikola blinks!
You puncture Nikola!
Nikola is lightly wounded.
Casting: Wereblood (safe; 12% risk of failure)
Confirm with . or Enter, or press ? or * to list all spells.
There is nothing nearby to animate!
Unknown command.
Casting: Animate Skeleton (safe; 1% risk of failure)
Confirm with . or Enter, or press ? or * to list all spells.
Aiming: Pain (safe; 1% risk of failure)
Press: ? - help, Shift-Dir - straight line, f - Nikola
Aim: Nikola, wielding a +4 rapier of electrocution, wearing a +0 cloak and wearing the +2 pair of gloves of Dust Devil {rPois rF+ rN+ Will+} (lightly wounded, chance to affect: 0%) Nikola resists with almost no effort.
Malevolent energies surge around you.
Nikola hits you with a +4 rapier of electrocution!
You are electrocuted!
Casting: Pain (safe; 1% risk of failure)
Confirm with . or Enter, or press ? or * to list all spells.
Aiming: Pain (safe; 1% risk of failure)
Press: ? - help, Shift-Dir - straight line, f/p - Nikola
Aim: Nikola, wielding a +4 rapier of electrocution, wearing a +0 cloak and wearing the +2 pair of gloves of Dust Devil {rPois rF+ rN+ Will+} (lightly wounded, chance to affect: 0%) Nikola resists with almost no effort.
Malevolent energies surge around you. Nikola hits you but does no damage.
You are electrocuted!!
* * * LOW HITPOINT WARNING * * *
Casting: Pain (safe; 1% risk of failure)
Confirm with . or Enter, or press ? or * to list all spells.
Aiming: Pain (safe; 1% risk of failure)
Press: ? - help, Shift-Dir - straight line, f/p - Nikola
Aim: Nikola, wielding a +4 rapier of electrocution, wearing a +0 cloak and wearing the +2 pair of gloves of Dust Devil {rPois rF+ rN+ Will+} (lightly wounded, chance to affect: 0%) Nikola resists with almost no effort.
Malevolent energies surge around you.
Nikola casts a spell.
You hear a mighty clap of thunder!
The lightning arc hits you!!!
You die...

,, ≈* * , ≈ * **
♣♣ ≈ * * ♣.♣♣ ≈ ,
* ♣♣♣..≈♣
*♣♣♣♣♣♣≈♣.≈≈♣ ,
♣♣≈§.♣≈....♣♣♣ ≈
.♣≈..≈..@≈§..≈♣*
,
≈≈≈≈.≈≈..@....≈..
*
.≈≈≈........≈...♣
[.♣...........≈.♣
♣....######....♣♣
♣...# ,#..♣♣ ♣...
, *..♣ .. + .♣ ,
* .♣ ,


You could see Nikola.

Vanquished Creatures
  A tentacled starspawn (Abyss:2)
  A thorn hunter (Swamp:2)
  A fire giant (D:15)
  3 stone giants
  2 very ugly things (Depths:1)
  A white draconian (IceCv)
  Snorg (Orc:2)
  A fire dragon (D:15)
  A great orb of eyes (Depths:1)
  A vault guard (D:13)
  4 boulder beetles
  An ice dragon (Depths:1)
  An ogre mage (D:15)
  3 catoblepae (Lair:6)
  10 hydras
  7 death yaks
  2 centaur warriors
  A death knight (D:15)
  A vampire mage (D:15)
  An alligator (Swamp:1)
  9 two-headed ogres
  3 tengu warriors
  Urug (Lair:5)
  2 thrashing horrors (Abyss:2)
  A skeletal warrior (D:15)
  A spatial maelstrom (Abyss:2)
  A spriggan druid (Swamp:1)
  2 deep trolls (D:15)
  A large abomination (Abyss:2)
  A wizard (D:15)
  4 bog bodies
  2 orc knights (Orc:2)
  2 necromancers
  2 swamp dragons (Swamp:3)
  2 deep elf pyromancers
  A phantasmal warrior (D:15)
  3 orc sorcerers (Orc:2)
  A cyclops (D:15)
  4 manticores
  5 ugly things
  A will-o-the-wisp (Swamp:1)
  A worldbinder (Abyss:2)
  11 elephants (Lair:3)
  A torpor snail (Lair:2)
  4 black mambas
  8 cane toads
  Maggie (D:10)
  2 smoke demons (Abyss:2)
  4 gargoyles
  4 rime drakes
  12 komodo dragons
  An efreet (Volcano)
  A hellwing (Abyss:2)
  3 freezing wraiths
  A kobold demonologist (D:11)
  A yaktaur (D:13)
  7 trolls
  13 polar bears
  8 hornets
  12 slime creatures
  19 blink frogs
  A frost giant simulacrum (Abyss:2)
  Sigmund (D:4)
  65 yaks
  A centaur simulacrum (D:14)
  Eustachio (D:4)
  10 spriggans
  4 wraiths
  A vampire (D:11)
  5 wyverns
  2 shadows
  4 fire elementals (Volcano)
  14 humans (D:13)
  6 basilisks
  A steam dragon (Lair:2)
  Menkaure (D:6)
  5 vampire mosquitoes
  3 nagas (Lair:2)
  3 wargs (Orc:2)
  8 swamp worms
  2 acid dragons
  13 water moccasins
  35 orc warriors
  A sky beast (D:6)
  3 swamp drakes
  A black bear (Lair:5)
  2 necrophages
  11 ogres
  18 wolves
  3 centaurs
  3 phantoms
  17 bullfrogs
  A gnoll sergeant (D:6)
  3 wyvern zombies
  2 water moccasin skeletons
  7 killer bees
  5 electric eels
  19 wights
  A vampire bat (Orc:1)
  5 howler monkeys
  A bullfrog zombie (D:7)
  4 centaur zombies
  27 orc priests
  3 jellies
  A bullfrog skeleton (D:5)
  A human zombie (Ossuary)
  A gnoll shaman (D:10)
  5 hounds
  Crazy Yiuf (D:6)
  Jessica (D:3)
  22 orc wizards
  3 iguanas
  A hound zombie (D:5)
  2 hound skeletons
  3 mummies (Ossuary)
  A howler monkey zombie (D:7)
  10 gnolls
  5 adders
  15 white imps
  An ufetubus (D:4)
  5 adder zombies (Ossuary)
  An adder skeleton (D:4)
  3 worms
  A dart slug (D:4)
  107 orcs
  4 endoplasms
  2 giant cockroaches
  A gnoll zombie (Ossuary)
  3 goblins
  6 hobgoblins
  8 jackals
  4 quokkas
  7 ball pythons
  12 bats
  2 frilled lizards
  3 goblin zombies (Ossuary)
  7 kobolds
  3 kobold zombies (Ossuary)
  2 quokka zombies (Ossuary)
  5 rats
  3 rat zombies (Ossuary)
  6 briar patches
  A bush (Lair:5)
  A butterfly (Lair:1)
  2 starspawn tentacles (Abyss:2)
802 creatures vanquished.

Vanquished Creatures (collateral kills)
  A troll (D:12)
1 creature vanquished.

Vanquished Creatures (others)
  An alligator (Swamp:1)
  A goliath frog (Swamp:2)
  An ugly thing (Depths:1)
  2 wizards
  2 bloated husks
  A yak (Lair:6)
  A swamp worm (Swamp:1)
  18 briar patches
  17 fungi
  27 plants
71 creatures vanquished.

Grand Total: 874 creatures vanquished

Notes
Turn   | Place    | Note
-------+----------+-------------------------------------------
     0 | Abyss:1  | polve the Demonspawn Abyssal Knight began the quest for the
                  | Orb.
     0 | Abyss:1  | Reached XP level 1. HP: 18/18 MP: 2/2
    75 | Abyss:1  | Noticed a thrashing horror
    76 | Abyss:1  | Noticed a large abomination
    77 | D:1      | Escaped the Abyss
   228 | D:1      | Reached * piety under Lugonu
   233 | D:1      | Gained mutation: You regenerate a little health from kills.
                  | [demonic ancestry]
   233 | D:1      | Reached XP level 2. HP: 9/24 MP: 3/3
   876 | D:1      | Found a faded altar of an unknown god.
  1486 | D:2      | Found a bloodstained altar of Trog.
  1492 | D:2      | Gained mutation: You regenerate health from kills. [demonic
                  | ancestry]
  1492 | D:2      | Reached XP level 3. HP: 29/29 MP: 4/4
  1852 | D:2      | Reached skill level 1 in Shields
  2304 | D:3      | Gained mutation: Your movements are slightly less
                  | encumbered by armour. (ER -2) [demonic ancestry]
  2304 | D:3      | Reached XP level 4. HP: 27/35 MP: 5/5
  2682 | D:3      | Noticed Jessica
  2700 | D:3      | Reached ** piety under Lugonu
  2710 | D:3      | Killed Jessica
  2711 | D:3      | Gained mutation: You have large cloven feet. [demonic
                  | ancestry]
  2711 | D:3      | Reached XP level 5. HP: 17/41 MP: 6/6
  3228 | D:4      | Noticed Sigmund
  3241 | D:4      | Gained mutation: You passively map a small area around you.
                  | [potion of mutation]
  3249 | D:4      | Killed Sigmund
  3250 | D:4      | Reached XP level 6. HP: 27/47 MP: 7/7
  3416 | D:4      | Found a hazy altar of Hepliaklqana.
  3518 | D:4      | Found a bloodstained altar of Trog.
  3522 | D:4      | Noticed a wizard
  3526 | D:4      | Killed a wizard
  3573 | D:4      | Found a hide-covered altar of Uskayaw.
  3734 | D:4      | Noticed Eustachio
  3735 | D:4      | Found a sand-covered staircase.
  3743 | Ossuary  | Entered an ossuary
  4042 | D:5      | Entered Level 5 of the Dungeon
  4881 | D:4      | Killed Eustachio
  4882 | D:4      | Reached skill level 5 in Fighting
  4882 | D:4      | Reached XP level 7. HP: 12/57 MP: 8/8
  5162 | D:4      | Reached skill level 1 in Dodging
  6069 | D:5      | Noticed a two-headed ogre
  6465 | D:5      | Reached XP level 8. HP: 57/64 MP: 9/9
  6539 | D:5      | Found a staircase to the Ecumenical Temple.
  6637 | D:5      | Reached *** piety under Lugonu
  6916 | D:5      | Identified the ring of Tirhum {rF++ rC+}
  7324 | D:6      | Noticed Menkaure
  7331 | D:6      | Killed Menkaure
  7332 | D:6      | Reached skill level 5 in Invocations
  8462 | D:7      | Gained mutation: Your movements are less encumbered by
                  | armour. (ER -4) [demonic ancestry]
  8462 | D:7      | Reached XP level 9. HP: 68/69 MP: 15/15
  9019 | D:6      | Reached skill level 10 in Invocations
  9198 | D:6      | Noticed a troll
  9211 | D:6      | Banished a troll
  9212 | D:6      | Reached skill level 5 in Short Blades
  9738 | D:6      | Found a runed translucent door.
  9739 | D:6      | Noticed Crazy Yiuf
  9784 | D:6      | Found a shimmering blue altar of Sif Muna.
  9784 | D:6      | Found a sparkling altar of Nemelex Xobeh.
  9812 | D:6      | Identified a scroll of acquirement
  9812 | D:6      | Acquired a +6 quick blade
  9959 | D:6      | Found a faded altar of an unknown god.
  9961 | D:6      | Found a burning altar of Makhleb.
  9963 | D:6      | Found a faded altar of an unknown god.
 10177 | D:6      | Killed Crazy Yiuf
 10422 | D:7      | Reached **** piety under Lugonu
 10687 | D:7      | Noticed a troll
 10704 | D:7      | Killed a troll
 10892 | D:8      | Found a blossoming altar of Fedhas.
 11055 | D:8      | Gained mutation: You regenerate a lot of health from kills.
                  | [demonic ancestry]
 11055 | D:8      | Reached XP level 10. HP: 67/75 MP: 17/17
 11205 | D:8      | Noticed a manticore
 11210 | D:8      | Banished a manticore
 11342 | D:8      | Noticed a centaur warrior
 11494 | D:8      | Killed a centaur warrior
 12251 | D:9      | Found an ancient bone altar of Kikubaaqudgha.
 12354 | D:9      | Reached skill level 10 in Fighting
 12388 | D:9      | Reached skill level 5 in Armour
 12485 | D:9      | Found a staircase to the Lair.
 12811 | Lair:1   | Entered Level 1 of the Lair of Beasts
 13056 | D:9      | Gained mutation: Spells you cast may paralyse adjacent
                  | enemies. [demonic ancestry]
 13056 | D:9      | Reached XP level 11. HP: 74/90 MP: 18/18
 13172 | Lair:1   | Noticed a four-headed hydra
 13188 | Lair:1   | Killed a four-headed hydra
 13189 | Lair:1   | Reached skill level 5 in Shields
 13419 | Lair:1   | Learned a level 1 spell: Animate Skeleton
 13565 | Lair:1   | Reached ***** piety under Lugonu
 14314 | Lair:2   | Found a staircase to the Snake Pit.
 14412 | Lair:2   | Reached XP level 12. HP: 64/97 MP: 19/19
 15373 | Lair:3   | Reached skill level 10 in Shields
 16371 | Lair:3   | Found a staircase to the Swamp.
 16504 | Lair:3   | Noticed a four-headed hydra
 16524 | Lair:3   | Killed a four-headed hydra
 16848 | Lair:4   | Noticed a five-headed hydra
 16862 | Lair:4   | Killed a five-headed hydra
 18295 | Lair:5   | Gained mutation: Spells you cast may paralyse nearby
                  | enemies. [demonic ancestry]
 18295 | Lair:5   | Reached XP level 13. HP: 103/103 MP: 20/20
 18783 | Lair:5   | Noticed Urug
 18824 | Lair:5   | Killed Urug
 19140 | Lair:6   | Entered Level 6 of the Lair of Beasts
 19178 | Lair:6   | Found a staircase to the Slime Pits.
 19181 | Lair:6   | Found a viscous altar of Jiyva.
 20752 | Lair:6   | Reached skill level 15 in Shields
 20752 | Lair:6   | Reached skill level 1 in Necromancy
 20935 | Lair:6   | Identified the +4 quick blade "Qiocreos" {venom, Fragile
                  | Will+ Str+5}
 21272 | D:10     | Entered Level 10 of the Dungeon
 21414 | D:10     | Reached ****** piety under Lugonu
 21452 | D:10     | Noticed Maggie
 21476 | D:10     | Killed Maggie
 21484 | D:10     | Reached skill level 5 in Necromancy
 21484 | D:10     | Gained mutation: You have hoof-like feet. [demonic
                  | ancestry]
 21484 | D:10     | Reached XP level 14. HP: 109/110 MP: 21/21
 21484 | D:10     | Identified a +8 quick blade of distortion (a +6 quick blade
                  | of freezing corrupted by Lugonu)
 21484 | D:10     | Received a gift from Lugonu
 21501 | D:10     | Found Yfriazuc's Assorted Antiques.
 21554 | D:10     | Found Qytigg's Weapon Boutique.
 21801 | D:10     | Found Wivuwn's Book Shop.
 21914 | D:10     | Found Haodyute's Distillery.
 22263 | D:11     | Found Ceghes's Antique Armour Shoppe.
 23145 | D:12     | Found a frozen archway.
 23191 | IceCv    | Entered an ice cave
 23653 | IceCv    | Reached skill level 10 in Necromancy
 23756 | IceCv    | Identified the Papyrus of the Glacier
 24560 | D:12     | Found Sutzufud's Antique Armour Emporium.
 24563 | D:12     | Found a staircase to the Orcish Mines.
 24603 | D:12     | Found Lasarchat's Jewellery Shop.
 25005 | D:13     | Identified the +1 scale mail "Kauxkei" {rPois rC+++ Str-2
                  | Slay+2}
 25039 | D:13     | Found Fougoski's General Store.
 25100 | D:13     | Found Ocoschin's Magic Scroll Emporium.
 25164 | D:13     | Found Tiecvo Kaon's Book Boutique.
 25171 | D:13     | You fall into a shaft and drop 1 floor!
 25381 | D:14     | Learned a level 1 spell: Pain
 25384 | D:14     | Learned a level 2 spell: Sublimation of Blood
 25388 | D:14     | Learned a level 3 spell: Vampiric Draining
 25393 | D:14     | Learned a level 4 spell: Animate Dead
 25652 | D:14     | Reached XP level 15. HP: 109/115 MP: 15/22
 25817 | D:14     | Reached skill level 1 in Stealth
 26201 | D:15     | Entered Level 15 of the Dungeon
 26297 | D:14     | Reached skill level 5 in Stealth
 26358 | D:15     | Reached skill level 1 in Spellcasting
 26367 | D:15     | Paralysed by an ogre mage for 2 turns
 26714 | D:15     | Paralysed by something for 4 turns
 26729 | D:15     | Learned a level 4 spell: Dispel Undead
 26758 | D:15     | Found a staircase to the Depths.
 27117 | Depths:1 | Entered Level 1 of the Depths
 27117 | Depths:1 | Noticed a fire giant
 27145 | D:15     | Killed a fire giant
 27483 | Depths:1 | Found a shimmering altar of Xom.
 27496 | Depths:1 | Reached skill level 15 in Necromancy
 27656 | Abyss:1  | Paralysed by a floating eye for 4 turns
 27688 | Depths:1 | Escaped the Abyss
 27841 | D:13     | Reached skill level 5 in Dodging
 27887 | D:13     | Cast into level 2 of the Abyss (a wizard)
 27929 | Abyss:2  | Noticed a tentacled starspawn
 27954 | Abyss:2  | Killed a tentacled starspawn
 27955 | Abyss:2  | Reached XP level 16. HP: 110/122 MP: 23/23
 28111 | Abyss:2  | Noticed a lich
 28116 | Abyss:2  | Found a corrupted altar of Lugonu.
 28139 | D:13     | Escaped the Abyss
 28204 | D:13     | Found Zelieda's Antique Armour Shoppe.
 28221 | D:13     | Found Buasink's Assorted Antiques.
 28348 | D:13     | Found a gate to the Vaults.
 28616 | Orc:1    | Entered Level 1 of the Orcish Mines
 28631 | Orc:1    | Found a dark tunnel.
 28640 | Volcano  | Entered a volcano
 29746 | Swamp:1  | Entered Level 1 of the Swamp
 29804 | Swamp:1  | Noticed a thorn hunter
 29940 | Swamp:1  | Banished a thorn hunter
 29941 | Swamp:1  | Reached skill level 10 in Armour
 30662 | Swamp:2  | Noticed a thorn hunter
 31021 | Orc:2    | Entered Level 2 of the Orcish Mines
 31478 | Orc:2    | Found Ribrocac's General Store.
 31666 | Orc:2    | Noticed Snorg
 31691 | Orc:2    | Killed Snorg
 31725 | Orc:2    | Found Yloonn's Antique Armour Shoppe.
 31760 | Orc:2    | Bought a pair of runed gloves for 217 gold pieces
 31933 | Orc:2    | Found a staircase to the Elven Halls.
 32003 | Orc:2    | Noticed Saint Roka
 32100 | Orc:2    | Found Taises's Antique Armour Boutique.
 32143 | Orc:2    | Banished Saint Roka
 32165 | Orc:2    | Found Gupeis's Antique Weapon Shop.
 32363 | Orc:2    | Bought glowing ice dragon scales for 1890 gold pieces
 32835 | Swamp:2  | Killed a thorn hunter
 32975 | Swamp:2  | Reached skill level 10 in Stealth
 32978 | Swamp:2  | Learned a level 2 spell: Wereblood
 33402 | Swamp:3  | Reached skill level 1 in Transmutations
 33500 | Swamp:3  | Gained mutation: You have hooves in place of feet. [demonic
                  | ancestry]
 33500 | Swamp:3  | Reached XP level 17. HP: 101/128 MP: 21/24
 33547 | Swamp:3  | Identified the +2 pair of gloves of Dust Devil {rPois rF+
                  | rN+ Will+}
 33547 | Swamp:3  | Noticed Nikola
 33553 | Swamp:3  | Killed from afar by Nikola

Illustrated notes

Levels and vault maps discovered:
D:1:      dpeg_arrival_round_c, layout_loops_cross,
          shapermc_ecumenical_altar_mp_highgroup, chequers_garden,
          hangedman_decor_points, minmay_misc_feat_alley,
          roderic_serpentine_path
D:2:      layout_loops_ring, basic_altar, minmay_pentomino_pile
D:3:      layout_basic, minmay_statues_item, uniq_jessica
D:4:      layout_basic, kennysheep_mini, lemuel_doored_altar, trog_wizard,
          chequers_ossuary_entry_cave, uniq_eustachio, uniq_sigmund
D:5:      cheibrodos_fzero, layout_basic, minmay_temple_entry_from_below_b,
          serial_glass, glass_columns_a, glass_columns_b,
          amcnicky_mini_corridor_feature
D:6:      corexii_shack_village, layout_loops_ring,
          chequers_temple_overflow_minitemple, uniq_menkaure,
          uniq_crazy_yiuf_cottage
D:7:      layout_basic
D:8:      layout_gridville, fedhas_altar_2
D:9:      layout_basic, old_standard_altar, erik_lair_dragon
D:10:     layout_loops_ring, serial_shops, shop, shop, shop, shop_statue,
          st_stairs_10, uniq_maggie
D:11:     layout_cave_pods, serial_shops, shop_fountains
D:12:     layout_irregular_city, orc_0_dummy, serial_shops, shop,
          nicolae_shop_behind_doors, portal_ice_cave_entry_imps,
          grunt_decor_arrowhead
D:13:     layout_rooms, grunt_vaults_entry_tiered, serial_shops, shop,
          nicolae_shop_crystal, shop, nicolae_shop_stone, nicolae_shop_trees
D:14:     layout_basic, hangedman_decor_slide_cut
D:15:     hangedman_depths_entry_civil_slaughter, layout_cave_pools,
          chequers_serial_rivers_small_b, special_room [special_room_orc]
Lair:1:   layout_roguey, serial_bayou_pond_b, lemuel_fruit_fields
Lair:2:   layout_loops_ring, guppyfry_snake_entry_island
Lair:3:   layout_chaotic_city, minmay_swamp_entry_eels,
          infiniplex_staircase_pool
Lair:4:   layout_cave_pods
Lair:5:   layout_cave_pods, minmay_hedge_maze, uniq_urug
Lair:6:   evilmike_catoblepas_cave, layout_hall_layers, slime_altar_1,
          ldierk_geyser, grunt_forest_stairs_basic,
          chequers_serial_rivers_micro_e, disabler_island
Swamp:1:  layout_basic_swamp, evilmike_swamp_ruin_rubble_2
Swamp:2:  layout_basic_swamp, hangedman_swamp_blocks,
          infiniplex_staircase_pool_2
Swamp:3:  layout_basic_swamp, evilmike_swamp_ruin_house_1, uniq_nikola,
          uniq_jorgrun
Orc:1:    layout_diamond_mine, nicolae_volcano_entry_lava_flow, library_closet,
          roderic_batcave
Orc:2:    grunt_orc_community_town_hall, layout_caves,
          grunt_orc_community_big_house_2, grunt_orc_community_big_house_1,
          grunt_orc_community_house_3, grunt_orc_community_house_1,
          grunt_orc_community_house_2, grunt_orc_community_house_2,
          grunt_orc_community_house_1, grunt_orc_community_house_3, uniq_snorg
Depths:1: layout_long_grid, hellmouth_1, xom_confusion_cloud

Skill      XL: |  1  2  3  4  5  6  7  8  9 10 11 12 13 14 15 16 |
---------------+-------------------------------------------------+-----
Short Blades   | 2 3 4 7 8 |  8.0
Shields        | 1 2 4 8 12 15 | 15.0
Fighting       | 5 6 10 | 10.0
Armour         | 3 4 5 7 8 10 | 10.0
Dodging        | 3 4 5 8 |  8.0
Invocations    | 8 10 | 10.0
Necromancy     | 5 13 15 | 15.0
Stealth        | 5 10 | 10.0
Spellcasting   | 4 |  4.0
Transmutations | 2 |  2.9

Action                   |  1- 3 |  4- 6 |  7- 9 | 10-12 | 13-15 | 16-18 || total
-------------------------+-------+-------+-------+-------+-------+-------++-------
Melee: Short sword       |   141 |   286 |       |       |       |       ||   427
       Kick              |       |    60 |   168 |   419 |   763 |    80 ||  1490
       Rapier            |       |       |   442 |       |       |       ||   442
       Quick blade       |       |       |   166 |  1278 |  2108 |   994 ||  4546
 Cast: Pain              |       |       |       |       |    16 |    11 ||    27
       Animate Skeleton  |       |       |       |       |     1 |       ||     1
       Wereblood         |       |       |       |       |       |     1 ||     1
Invok: Depart the Abyss  |     1 |       |       |       |     1 |     1 ||     3
       Bend Space        |       |     6 |     1 |     2 |     9 |     3 ||    21
       Banish            |       |       |     1 |     2 |       |       ||     3
       Brand Weapon With |       |       |       |       |     1 |       ||     1
       Enter the Abyss   |       |       |       |       |     1 |       ||     1
Evoke: Wand              |       |     5 |       |     2 |       |       ||     7
  Use: Potion            |       |    14 |     1 |       |    13 |     2 ||    30
       Scroll            |       |       |    12 |     3 |     6 |    10 ||    31
 Stab: Confused          |       |       |       |     2 |       |       ||     2
       Petrified         |       |       |       |       |     5 |       ||     5
       Invisible         |       |       |       |       |     5 |       ||     5
       Petrifying        |       |       |       |       |     2 |       ||     2
       Paralysed         |       |       |       |       |     2 |     2 ||     4
       Sleeping          |       |       |       |       |       |     1 ||     1
Armor: Leather armour    |    20 |    58 |     1 |       |       |       ||    79
       Chain mail        |       |       |   149 |   217 |   244 |       ||   610
       Plate armour      |       |       |       |       |    81 |   203 ||   284
       Fire dragon scale |       |       |       |       |     1 |       ||     1
       Ice dragon scales |       |       |       |       |       |    85 ||    85
Dodge: Dodged            |   101 |   275 |   287 |   310 |   320 |   179 ||  1472
Block: Buckler           |     7 |    80 |   102 |    29 |       |       ||   218
       Kite shield       |       |       |       |   248 |   540 |   377 ||  1165

Table legend: (Time is in decaauts)
 A = Elapsed time spent in this place.
 B = Non-inter-level travel time spent in this place.
 C = Inter-level travel time spent in this place.
 D = Time resting spent in this place.
 E = Time spent auto-exploring this place.
 F = Levels seen in this place.
 G = Mean time per level.
                   A        B        C        D        E       F      G
               +--------+--------+--------+--------+--------+-----+--------+
         Total |  30534 |  28024 |   2510 |      0 |  22034 |  33 |  925.3 |
       Dungeon |  18001 |  16237 |   1764 |      0 |  13188 |  15 | 1200.1 |
          Lair |   7292 |   6802 |    490 |      0 |   5410 |   6 | 1215.3 |
         Swamp |   1599 |   1482 |    117 |      0 |   1121 |   3 |  533.0 |
  Orcish Mines |   1803 |   1668 |    135 |      0 |   1202 |   2 |  901.5 |
        Depths |    200 |    199 |      1 |      0 |     62 |   1 |  200.0 |
         Abyss |    320 |    320 |      0 |      0 |    219 |   3 |  106.7 |
       Ossuary |    214 |    214 |      0 |      0 |    126 |   1 |  214.0 |
      Ice Cave |    948 |    948 |      0 |      0 |    611 |   1 |  948.0 |
       Volcano |    154 |    154 |      0 |      0 |     94 |   1 |  154.0 |
               +--------+--------+--------+--------+--------+-----+--------+

Top non-repeatable levels by time:
     D:6: 2323 daAuts
     D:4: 2017 daAuts
  Lair:3: 1834 daAuts
     D:9: 1543 daAuts
  Lair:6: 1449 daAuts
     D:5: 1424 daAuts
     D:7: 1245 daAuts
     D:2: 1223 daAuts
     D:3: 1209 daAuts
  Lair:4: 1165 daAuts
   Orc:2: 1148 daAuts
     D:1: 1088 daAuts
  Lair:5: 1068 daAuts
    D:14: 1051 daAuts
    D:15: 951 daAuts
